 Dungeon Crawl Stone Soup version 0.29.0-11-gd7f09526c8 (webtiles) character file.

Game seed: 17546370364832963911

84 SensoryNuts the Cutter (level 4, 0/35 HPs)
             Began as a Vampire Fighter on Sept 6, 2022.
             Killed by divine providence
             ... invoked by an orc priest
              (16 damage)
             ... on level 3 of the Dungeon.
             The game lasted 00:03:02 (2378 turns).

SensoryNuts the Cutter (Vampire Fighter)            Turns: 2378, Time: 00:03:02

Health: 0/35       AC:  6    Str: 15    XL:     4   Next: 24%
Magic:  4/4        EV:  8    Int: 10    God:
Gold:   196        SH:  6    Dex: 15    Spells: 3/3 levels left

rFire   . . .      SeeInvis +   a - +0 rapier
rCold   . . .      Faith    .   c - +1 buckler
rNeg    . . .      Spirit   .   b - +0 scale mail
rPois   .          Reflect  .   (no helmet)
rElec   .          Harm     .   (no cloak)
rCorr   .          Rampage  .   (no gloves)
Will    .....                   (no boots)
Stlth   +.........              (no amulet)
HPRegen 0.31/turn               (no ring)
MPRegen 0.09/turn               (no ring)

@: healing quickly, hasted, very quick
A: alive, fangs 3, see invisible, vampiric 2
a: Exsanguinate


You were on level 3 of the Dungeon.
You visited 1 branch of the dungeon, and saw 3 of its levels.

You collected 196 gold pieces.

Inventory:

Hand Weapons
 a - a +0 rapier (weapon)
Armour
 b - a +0 scale mail (worn)
 c - a +1 buckler (worn)
Scrolls
 e - a scroll of enchant armour
 j - a scroll of vulnerability {unknown}
 m - 2 scrolls of immolation
Potions
 g - a potion of degeneration
 h - a potion of curing
 i - 2 potions of invisibility
 l - a potion of heal wounds {unknown}


   Skills:
 + Level 3.0 Fighting
 * Level 3.2 Short Blades
 + Level 2.8 Armour
 + Level 0.3 Dodging
 * Level 2.5 Stealth
 + Level 3.1 Shields


You had 3 spell levels left.
You didn't know any spells.
Your spell library contained the following spells:

 Spells                   Type           Power      Damage    Failure   Level
 Dazzling Flash           Conj/Hex       0%         N/A       99%         3
 Agony                    Necr           0%         N/A       100%        5
 Silence                  Hex/Air        0%         N/A       100%        5


Dungeon Overview and Level Annotations

Branches:
Dungeon (3/15)

Altars:

Annotations:
D:3 Terence


Innate Abilities, Weirdness & Mutations

Your natural rate of healing is accelerated.
You have razor-sharp teeth.
You have supernaturally acute eyesight. (SInv)
You are afflicted with vampirism and can become a bat while bloodless.


Message History

The endoplasm looks frightened!
The orc priest looks frightened! x2
The orc looks frightened! x2; The hobgoblin looks frightened!
Terence zaps a wand.
Some rock shatters into small pieces.
The orc priest attacks as you move away!
The orc priest barely misses you.
Terence howls in fear.
The orc priest attacks as you move away!
The orc priest hits you with a +0 hand axe.
The orc priest attacks as you move away!
The orc priest hits you with a +0 hand axe.
The orc priest attacks as you move away!
The orc priest hits you with a +0 hand axe.
You hit the orc priest but do no damage.
Your attack snaps the orc priest out of its fear.
Your bite misses the orc priest.
The orc priest is moderately wounded.
The orc priest hits you with a +0 hand axe.
You hit the orc priest.
The orc priest is heavily wounded.
The orc priest mumbles some strange prayers to Beogh against you.
Beogh smites you!
* * * LOW HITPOINT WARNING * * *
You closely miss the orc priest. You bite the orc priest.
The orc priest is heavily wounded.
The orc priest hits you but does no damage.
You hear a zap.
You hear a grinding noise.
You feel yourself speed up.
The orc priest invokes the aid of Beogh against you.
You barely resist.
You feel better. The orc priest completely misses you.
You hit the orc priest.
The orc priest is severely wounded.
You hit the orc priest.
The orc priest is almost dead.
The orc priest hits you with a +0 hand axe.
* * * LOW HITPOINT WARNING * * *
You feel better.
The orc priest mumbles some strange prayers to Beogh against you.
Beogh smites you!
You die...

######.##.........###### #
##......##........#.#.#.#.##..
##.......##.....................
#.........#........#............
#.....<...#...........>.........
#.........########.#.......#....
#.........########.............
#................#.#.......##...
#.........######@o...........o..
#.........# ###.#.#...#.#....
#.........# #.......# # .
#.........# #....####
#.....>...# ###### ##.......##
##.....## #######


You could see an orc priest.

Vanquished Creatures
  2 dart slugs
  An orc (D:3)
  3 ball pythons
  9 endoplasms
  4 giant cockroaches
  8 goblins
  9 hobgoblins
  5 jackals (D:1)
  A quokka (D:2)
  6 bats
  6 frilled lizards
  7 kobolds
  10 rats
71 creatures vanquished.

Notes
Turn   | Place    | Note
-------+----------+-------------------------------------------
     0 | D:1      | SensoryNuts the Vampire Fighter began the quest for the
                  | Orb.
     0 | D:1      | Reached XP level 1. HP: 17/17 MP: 1/1
    59 | D:1      | Reached skill level 1 in Stealth
    71 | D:1      | Reached XP level 2. HP: 8/23 MP: 2/2
   519 | D:1      | Gained mutation: You are afflicted with vampirism and can
                  | become a bat while bloodless. [Vampire growth]
   519 | D:1      | Reached XP level 3. HP: 23/29 MP: 3/3
  1933 | D:2      | Reached XP level 4. HP: 27/35 MP: 4/4
  2356 | D:3      | Noticed Terence
  2378 | D:3      | Killed from afar by an orc priest

Illustrated notes

Levels and vault maps discovered:
D:1:      lemuel_arrival_tunnels, layout_basic, minmay_vboxes
D:2:      layout_basic, minmay_puff
D:3:      layout_rooms, st_stairs_4, minmay_misc_feat_plants, uniq_terence

Skill      XL: |  1  2  3 |
---------------+----------+-----
Stealth        | 1 2 |  2.5
Fighting       | 3 |  3.0
Shields        | 3 |  3.1
Short Blades   | 3 |  3.2
Armour         | |  2.8
Dodging        | |  0.3

Action                   |  1- 3 |  4- 6 || total
-------------------------+-------+-------++-------
Melee: Rapier            |   167 |    41 ||   208
       Bite              |    21 |     4 ||    25
  Use: Potion            |     1 |     3 ||     4
       Scroll            |       |     9 ||     9
Armor: Scale mail        |   118 |    13 ||   131
Dodge: Dodged            |    77 |    11 ||    88
Block: Buckler           |    57 |     7 ||    64
